 Dungeon Crawl Stone Soup version 0.30.0-18-gc0e69614cb (webtiles) character file.

Game seed: 7125351493633719010

140 ChrisAssaf the Trooper (level 5, -7/46 HPs)
             Began as a Draconian Fighter on May 24, 2023.
             Mangled by an ogre
             ... wielding a +0 giant club
              (25 damage)
             ... on level 4 of the Dungeon.
             The game lasted 00:03:40 (1063 turns).

ChrisAssaf the Trooper (Draconian Fighter)          Turns: 1063, Time: 00:03:40

Health: -7/46      AC:  5    Str: 19    XL:     5   Next: 2%
Magic:  6/6        EV: 12    Int: 10    God:
Gold:   68         SH:  4    Dex: 10    Spells: 6/6 levels left

rFire   . . .        a - +0 war axe
rCold   . . .        b - +0 buckler
rNeg    . . .        (body armour unavailable)
rPois   .            (helmet restricted)
rElec   .            (no cloak)
rCorr   .            (no gloves)
SInv    .            (no boots)
Will    .....        (no amulet)
Stlth   +            (no ring)
HPRegen 0.27/turn    (no ring)
MPRegen 0.10/turn

%: no passive effects
@: mighty, very slow
A: AC +5, unfitting armour, cold-blooded
a: no special abilities


You were on level 4 of the Dungeon.
You visited 1 branch of the dungeon, and saw 4 of its levels.

You collected 68 gold pieces.

Inventory:

Hand Weapons
 a - a +0 war axe (weapon)
Armour
 b - a +0 buckler (worn)
Scrolls
 d - a scroll of teleportation {unknown}
 f - a scroll of silence {unknown}
 g - a scroll of fog {unknown}
 h - a scroll of blinking
Potions
 c - a potion of ambrosia {unknown}
 e - a potion of flight {unknown}
 i - a potion of curing {unknown}


   Skills:
 * Level 3.9 Fighting
 * Level 3.5 Axes
 * Level 3.2 Dodging
 * Level 1.1 Stealth
 * Level 3.3 Shields
 * Level 1.0 Spellcasting


You had 6 spell levels left.
You didn't know any spells.
Your spell library contained the following spells:

 Spells                   Type           Power      Damage    Failure   Level
 Call Canine Familiar     Summ           0%         N/A       77%         3
 Portal Projectile        Hex/Tloc       0%         N/A       77%         3
 Leda's Liquefaction      Hex/Erth       0%         N/A       99%         4


Dungeon Overview and Level Annotations

Branches:
Dungeon (4/15)
 Temple: D:4-7

Altars:


Innate Abilities, Weirdness & Mutations

Your plain brown scales are hard. (AC +5)
You cannot fit into any form of body armour.
You are cold-blooded and may be slowed by cold attacks.


Message History

c - a fizzy brown potion You enter the shallow water.
Moving in this stuff is going to be slow. 2 endoplasms come into view.
The endoplasm quivers.
A phantom comes into view.
You enter the shallow water.
Moving in this stuff is going to be slow.
You enter the shallow water.
Moving in this stuff is going to be slow.
You slash the endoplasm!
You kill the endoplasm!
You hit the plant.
The plant begins to die.
You slash the phantom!
The phantom is heavily damaged.
You slash the plant!
The phantom hits you but does no damage.
You slash the phantom!
Your tail-slap misses the phantom.
The phantom is almost destroyed.
You hit the plant.
A nearby plant withers and dies.
The phantom hits you!
The phantom blinks!
You blink.
Splash!
You fall into the shallow water.
Moving in this stuff is going to be slow.
An ogre comes into view. It is wielding a +0 giant club.
The ogre shouts!
The endoplasm quivers.
You barely miss the phantom.
The phantom is almost destroyed.
The phantom hits you! The phantom closely misses you.
You barely miss the phantom.
The phantom is almost destroyed.
The phantom completely misses you.
Your unstable footing causes you to fumble your attack.
The phantom hits you. The phantom misses you.
Your unstable footing causes you to fumble your attack.
The phantom hits you.
The ogre hits you with a +0 giant club!!
Ouch! That really hurt!
You die...

.#.# #. .#.# ### #. ...
##♣♣♣♣~♣## ##.# ..#
##~~~♣O@~~# #...##..#
P~~≈~~~~W♣# #.#..#..#
~~~≈~≈~~~~## #.##.#..#
≈≈≈≈≈~~~~~~## #....[..#
P~~~~~~~~PP~###......##
~~P~~♣~..~.~...[.#.#.#
~~...~.~.~.....#...#.###
........................
......~...P~~♣.#....)###


You could see an ogre and a phantom.

Vanquished Creatures
  A scorpion (D:4)
  3 adders
  A worm (D:2)
  A dart slug (D:1)
  6 orcs
  4 endoplasms
  6 goblins
  5 hobgoblins
  2 jackals (D:2)
  A quokka (D:3)
  A ball python (D:1)
  4 bats
  A rat (D:3)
36 creatures vanquished.

Notes
Turn   | Place    | Note
-------+----------+-------------------------------------------
     0 | D:1      | ChrisAssaf the Draconian Fighter began the quest for the
                  | Orb.
     0 | D:1      | Reached XP level 1. HP: 19/19 MP: 1/1
   418 | D:1      | Reached XP level 2. HP: 26/26 MP: 2/2
   444 | D:1      | You fall into a shaft and drop 1 floor!
   622 | D:2      | Reached XP level 3. HP: 29/31 MP: 3/3
  1009 | D:3      | Reached XP level 4. HP: 37/40 MP: 4/4
  1014 | D:4      | Noticed a scorpion
  1030 | D:4      | Killed a scorpion
  1031 | D:4      | Reached skill level 1 in Stealth
  1031 | D:4      | Reached skill level 1 in Spellcasting
  1031 | D:4      | Reached XP level 5. HP: 27/46 MP: 4/6
  1052 | D:4      | Noticed a phantom
  1059 | D:4      | Noticed an ogre
  1063 | D:4      | Mangled by an ogre

Illustrated notes

Levels and vault maps discovered:
D:1:      scummos_arrival_gate, layout_basic, ebering_ecumenical_altar_webs
D:2:      layout_loops_ring, grunt_ministairs_1
D:3:      layout_loops_ring
D:4:      minmay_general_purpose_star, layout_loops_cross, serial_bayou,
          serial_bayou_lake_a, serial_bayou_ford_a, serial_bayou_shore_a,
          serial_bayou_lagoon_a

Skill      XL: |  1  2  3  4 |
---------------+-------------+-----
Dodging        | 3 |  3.2
Axes           | 3 |  3.5
Stealth        | 1 |  1.1
Spellcasting   | 1 |  1.0
Fighting       | |  3.9
Shields        | |  3.3

Action                     |  1- 3 |  4- 6 || total
---------------------------+-------+-------++-------
  Melee: War axe           |   102 |    17 ||   119
         Tailslap          |    13 |     1 ||    14
    Use: Potion            |       |     1 ||     1
         Scroll            |       |     1 ||     1
   Stab: Sleeping          |     1 |       ||     1
 Armour: Skin              |    31 |     3 ||    34
  Dodge: Dodged            |    73 |    15 ||    88
  Block: Buckler           |    28 |     2 ||    30
